 Dungeon Crawl Stone Soup version 0.28.0 (webtiles) character file.

Game seed: 226491623578070666

1647 tirquin the Basher (level 9, -9/69 HPs)
             Began as a Barachi Fighter on Feb 14, 2022.
             Was a Priest of Ignis.
             Succumbed to a gnoll sergeant's poison
             ... on level 6 of the Dungeon.
             The game lasted 00:25:52 (6548 turns).

tirquin the Basher (Barachi Fighter)                Turns: 6548, Time: 00:25:52

Health: -9/69      AC: 18    Str: 31    XL:     9   Next: 0%
Magic:  9/9        EV:  9    Int:  8    God:    Ignis [***...]
Gold:   204        SH:  5    Dex: 15    Spells: 8/8 levels left

rFire   + . .      SeeInvis .   s - +5 flail (protect)
rCold   . . .      Faith    .   c - +0 buckler
rNeg    . . .      Spirit   .   m - +0 chain mail
rPois   .          Reflect  .   (no helmet)
rElec   .          Harm     .   (no cloak)
rCorr   .          Rampage  .   l - +0 pair of gloves
Will    .....                   (no boots)
Stlth   ..........              (no amulet)
HPRegen 0.21/turn               z - +6 ring of strength
MPRegen 0.11/turn               C - +6 ring of strength

@: lethally poisoned (-9 -> -38), under a protective aura, slow
A: amphibious, slowness 1, strong legs 1, +LOS
a: Hop, Renounce Religion, Fiery Armour, Foxfire Swarm


You were on level 6 of the Dungeon.
You worshipped Ignis.
Ignis was most pleased with you.
You visited 2 branches of the dungeon, and saw 8 of its levels.

You collected 264 gold pieces.
You spent 60 gold pieces at shops.

Inventory:

Hand Weapons
 a - a +0 long sword
 o - the +7 hunting sling of Rafief {freeze, Str+4}
   (You found it on level 2 of the Dungeon)

   Any ammunition fired from it freezes those it strikes, dealing additional
   cold damage.
   It can also slow down cold-blooded creatures.
   Str:       It affects your strength (+4).
 s - a +5 flail of protection (weapon)
 A - a +0 halberd
 D - a +2 vampiric trident
Missiles
 x - 3 boomerangs (quivered)
Armour
 b - a +0 scale mail
 c - a +0 buckler (worn)
 l - a +0 pair of gloves (worn)
 m - a +0 chain mail (worn)
 u - a scarf of harm
Magical Staves
 r - a staff of death
Jewellery
 z - a +6 ring of strength (left hand)
 C - a +6 ring of strength (right hand)
Wands
 q - a wand of iceblast (21)
 v - a wand of polymorph (4)
Scrolls
 e - 4 scrolls of identify {unknown}
 f - 4 scrolls of teleportation {unknown}
 g - 4 scrolls of immolation {unknown}
 h - a scroll of vulnerability {unknown}
 i - 2 scrolls of brand weapon {unknown}
 p - a scroll of fog {unknown}
 w - a scroll of blinking {unknown}
 y - a scroll of magic mapping {unknown}
Potions
 d - 3 potions of might
 j - a potion of haste {unknown}
 k - a potion of brilliance {unknown}
 n - 2 potions of mutation {unknown}
 t - 3 potions of curing
 B - a potion of flight {unknown}


   Skills:
 + Level 5.7 Fighting
 + Level 5.4 Long Blades
 * Level 8.1 Maces & Flails
 + Level 0.1 Throwing
 + Level 6.1 Armour
 + Level 2.2 Dodging
 + Level 0.6 Stealth
 + Level 4.7 Shields


You had 8 spell levels left.
You didn't know any spells.
Your spell library was empty.

Dungeon Overview and Level Annotations

Branches:
Dungeon (7/15)             Temple (1/1) D:4

Altars:
Elyvilon
Fedhas
Kikubaaqudgha
Nemelex Xobeh
Qazlal
Ru
Sif Muna
Wu Jian
Yredelemnul
Zin
The Shining One
Ignis

Shops:
D:4 !

Annotations:
D:7 1 transporter


Innate Abilities, Weirdness & Mutations

You are amphibious.
You cover ground slowly.
You can hop short distances.
You have an extended range of vision and can be seen from far away.


Message History

The gnoll is severely wounded.
You feel very sick. You block the gnoll's attack.
You block the gnoll sergeant's attack.
You hit the gnoll but do no damage.
The gnoll is severely wounded.
You feel sick. The gnoll hits you with a +0 flail.
* * * LOW HITPOINT WARNING * * *
The gnoll sergeant barely misses you.
You feel better. The gnoll hits you but does no damage.
The gnoll sergeant hits you but does no damage.
You are poisoned.
You sock the gnoll!
You kill the gnoll!
You feel sick.
The gnoll sergeant hits you from afar with a +3 spear of venom.
* * * LOW HITPOINT WARNING * * *
You are lethally poisoned!
You have reached level 9!
Your experience leads to an increase in your attributes!
Your base attributes are Str 19, Int 8, Dex 13.
Increase (S)trength, (I)ntelligence, or (D)exterity?
You feel agile. x2
You hit the jelly.
Your hands burn!
* * * LOW HITPOINT WARNING * * *
The jelly is moderately wounded.
* * * LOW HITPOINT WARNING * * *
You feel very sick. You block the jelly's attack.
The gnoll sergeant hits you but does no damage.
You are more poisoned.
You begin to rise into the air.
* * * LOW HITPOINT WARNING * * *
You feel very sick. The jelly closely misses you.
The gnoll sergeant hits you from afar with a +3 spear of venom.
* * * LOW HITPOINT WARNING * * *
You are more poisoned.
Okay, then.
With a burst of heat and light, you rocket upward!
You die...

........#.......# #.#.###)###
..#.##..#.###.(.# #..[...)...
...#.#†.'.# ###.# #.#.###.###
..#.#...'.# #.#######...# #.#
..##.#..#######.........### #.#
........#.....#.####....# #.#
....(...#####...####....# #.###
###''#### #...........# #...#
.##..##.# #...@......## ###.#
........# #.#.####..### #.#
..#...#<#####.#.........# #.#
..............######..#.# #.#
###...##..............#.#######.#
##............####.##.........#
############......############
########


There were no monsters in sight!

Vanquished Creatures
  Edmund (D:4)
  Pargi (D:4)
  2 sky beasts
  2 bullfrogs (D:6)
  2 scorpions
  A gnoll sergeant (D:5)
  2 water moccasin zombies
  A howler monkey (D:5)
  4 hounds
  A jelly (D:6)
  An orc priest (D:5)
  3 bullfrog skeletons
  4 iguanas
  3 orc wizards
  A scorpion zombie (D:5)
  A hound skeleton (D:5)
  Robin (D:2)
  6 gnolls
  3 river rats (D:4)
  8 adders
  A white imp (D:6)
  An adder skeleton (D:4)
  4 worms
  2 dart slugs (D:1)
  21 orcs
  10 bats
  8 endoplasms
  4 giant cockroaches
  12 goblins
  12 hobgoblins
  4 jackals (D:3)
  A quokka (D:4)
  4 ball pythons
  3 frilled lizards
  3 kobolds
  7 rats
145 creatures vanquished.

Vanquished Creatures (others)
  16 foxfires (D:4)
16 creatures vanquished.

Grand Total: 161 creatures vanquished

Notes
Turn   | Place    | Note
-------+----------+-------------------------------------------
     0 | D:1      | tirquin the Barachi Fighter began the quest for the Orb.
     0 | D:1      | Reached XP level 1. HP: 18/18 MP: 1/1
   148 | D:1      | Reached XP level 2. HP: 24/25 MP: 2/2
   407 | D:1      | Reached skill level 1 in Dodging
   407 | D:1      | Reached XP level 3. HP: 18/30 MP: 3/3
   907 | D:1      | Found a faded altar of an unknown god.
   911 | D:1      | Prayed at the altar of an unknown god.
   911 | D:1      | Became a worshipper of Ignis, the Dying Flame
  1581 | D:2      | Noticed Robin
  1588 | D:2      | Reached XP level 4. HP: 24/37 MP: 4/4
  1604 | D:2      | Killed Robin
  1731 | D:2      | Identified the +7 hunting sling of Rafief {freeze, Str+4}
  2395 | D:3      | Reached XP level 5. HP: 37/42 MP: 5/5
  2584 | D:4      | Noticed Edmund
  2598 | D:4      | Killed Edmund
  2599 | D:4      | Reached skill level 5 in Long Blades
  2599 | D:4      | Reached XP level 6. HP: 15/49 MP: 6/6
  2902 | D:4      | Found a staircase to the Ecumenical Temple.
  2938 | Temple   | Entered the Ecumenical Temple
  3078 | D:4      | Noticed Pargi
  3096 | D:4      | Killed Pargi
  3097 | D:4      | Reached skill level 1 in Maces & Flails
  3097 | D:4      | Reached skill level 5 in Armour
  3666 | D:4      | Reached skill level 2 in Maces & Flails
  3771 | D:4      | Reached XP level 7. HP: 53/55 MP: 7/7
  3867 | D:4      | Found Tunuiric's Distillery.
  3873 | D:4      | Bought 2 potions of curing for 60 gold pieces
  4261 | D:5      | Entered Level 5 of the Dungeon
  4282 | D:5      | Reached skill level 3 in Maces & Flails
  4398 | D:5      | Reached skill level 4 in Maces & Flails
  4903 | D:5      | Reached skill level 5 in Maces & Flails
  4905 | D:5      | Reached XP level 8. HP: 53/61 MP: 8/8
  4909 | D:5      | Reached skill level 5 in Fighting
  5275 | D:5      | Found a sparkling altar of Nemelex Xobeh.
  5417 | D:5      | Reached skill level 6 in Maces & Flails
  5998 | D:6      | Reached skill level 7 in Maces & Flails
  6157 | D:6      | Found an ornate altar of the Wu Jian Council.
  6531 | D:7      | Reached skill level 8 in Maces & Flails
  6534 | D:7      | Found a transporter.
  6546 | D:7      | Reached XP level 9. HP: 19/69 MP: 9/9
  6547 | D:7      | HP: 2/69 [gnoll sergeant (3)]
  6548 | D:6      | Succumbed to a gnoll sergeant's poison

Illustrated notes

Levels and vault maps discovered:
D:1:      minmay_arrival_nine_rooms, layout_basic,
          shapermc_ecumenical_altar_mp_vishouse, st_stairs_13
D:2:      layout_basic, uniq_robin
D:3:      minmay_chambers_of_twos, layout_loops_cross, uniq_sigmund
D:4:      layout_basic, minmay_temple_entry_large_hall,
          lightli_sewer_entry_pipes, serial_shops, shop, uniq_pargi, uniq_edmund
D:5:      layout_rooms, nemelex_spade_bored_becter, minmay_fountain_box
D:6:      layout_loops_ring, nzn_wu_jian_contemplation,
          nicolae_overflow_hidden_temple, kennysheep_generic_room_4
D:7:      layout_loops_ring, nzn_ghost_randoct, lemuel_old_faithful, uniq_maggie
Temple:   jpeg_temple_clearing

Skill      XL: |  1  2  3  4  5  6  7  8 |
---------------+-------------------------+-----
Armour         | 4 5 6 |  6.1
Long Blades    | 3 4 5 |  5.4
Dodging        | 1 2 |  2.2
Fighting       | 4 5 |  5.7
Shields        | 4 |  4.7
Maces & Flails | 2 5 8 |  8.1
Throwing       | |  0.1
Stealth        | |  0.6

Action                   |  1- 3 |  4- 6 |  7- 9 || total
-------------------------+-------+-------+-------++-------
Melee: Long sword        |   113 |    97 |       ||   210
       Flail             |       |    66 |   191 ||   257
Throw: Boomerang         |       |       |     4 ||     4
Invok: Fiery Armour      |     1 |     1 |     1 ||     3
       Foxfire Swarm     |       |     1 |       ||     1
       Rising Flame      |       |       |     1 ||     1
 Abil: Hop               |     4 |       |     1 ||     5
  Use: Potion            |       |       |     1 ||     1
 Stab: Distracted        |       |     1 |       ||     1
Armor: Scale mail        |    42 |       |       ||    42
       Chain mail        |     8 |   124 |   172 ||   304
Dodge: Dodged            |    59 |    78 |   103 ||   240
Block: Buckler           |    24 |    53 |    48 ||   125
